 Dungeon Crawl Stone Soup version 0.28-a0-1130-gc51a68064b (webtiles) character file.

Game seed: 16959102000392514372

65667 siradein the Protected (level 14, -3/127 HPs)
             Began as a Minotaur Fighter on Dec 13, 2021.
             Was the Champion of Yredelemnul.
             Killed by divine providence
             ... invoked by an orc priest
              (12 damage)
             ... on level 2 of the Orcish Mines.
             The game lasted 01:45:38 (22313 turns).

siradein the Protected (Minotaur Fighter)          Turns: 22313, Time: 01:45:38

Health: -3/127     AC: 26    Str: 22    XL:     14   Next: 76%
Magic:  0/19       EV: 11    Int:  5    God:    Yredelemnul [******]
Gold:   1379       SH:  8    Dex: 14    Spells: 13/13 levels left

rFire   + . .      SeeInvis +   E - +3 demon blade (freeze)
rCold   + . .      Faith    .   L - +1 buckler {rC+}
rNeg    . . .      Spirit   +   A - +1 plate armour {rF+}
rPois   .          Reflect  .   J - +2 hat
rElec   .          Harm     .   h - +0 cloak
rCorr   .          Rampage  .   r - +0 pair of gloves
Will    +....                   (no boots)
Stlth   ..........              p - amulet of guardian spirit
HPRegen 0.31/turn               i - +4 ring of protection
MPRegen 0.16/turn               y - ring of see invisible

@: no status effects
A: horns 2, retaliatory headbutt
a: Renounce Religion, Recall Undead Harvest, Dark Bargain, Drain Life, Bind Soul


You were on level 2 of the Orcish Mines.
You worshipped Yredelemnul.
Yredelemnul was aware of your devotion.
You visited 4 branches of the dungeon, and saw 20 of its levels.

You collected 1582 gold pieces.
You spent 203 gold pieces at shops.

Inventory:

Hand Weapons
 E - a +3 demon blade of freezing (weapon)
 O - a +4 double sword
 S - the +6 dagger "Kefameik" {vorpal, rPois Will- rCorr Dex-2}
   (You found it on level 4 of the Lair of Beasts)

   It inflicts extra damage upon your enemies.
   Dex:       It affects your dexterity (-2).
   rPois:     It protects you from poison.
   rCorr:     It protects you from acid and corrosion.
   Will:      It decreases your willpower.
Missiles
 M - 2 boomerangs of dispersal
Armour
 h - a +0 cloak (worn)
 r - a +0 pair of gloves (worn)
 A - a +1 plate armour of fire resistance (worn)
 J - a +2 hat (worn)
 L - a +1 buckler of cold resistance (worn)
Jewellery
 i - a +4 ring of protection (left hand)
 p - an amulet of guardian spirit (around neck)
 t - a ring of flight
 y - a ring of see invisible (right hand)
 Q - a ring of ice
Wands
 m - a wand of paralysis (4)
 o - a wand of iceblast (8)
 v - a wand of flame (64)
 B - a wand of digging (5)
 G - a wand of mindburst (7)
 I - a wand of charming (6)
Scrolls
 j - 4 scrolls of blinking
 k - 6 scrolls of fog
 n - a scroll of immolation
 s - 2 scrolls of fear
 w - 4 scrolls of silence {unknown}
 x - 5 scrolls of enchant armour
 D - 3 scrolls of teleportation
 H - 2 scrolls of magic mapping
 N - 4 scrolls of amnesia
Potions
 b - 4 potions of lignification
 c - 3 potions of haste {unknown}
 d - 4 potions of brilliance
 e - 5 potions of attraction
 f - 3 potions of heal wounds
 g - 14 potions of curing
 l - 3 potions of flight {unknown}
 q - 3 potions of resistance {unknown}
 u - a potion of invisibility
 C - 2 potions of cancellation {unknown}
 P - 2 potions of magic {unknown}
Miscellaneous
 a - a lightning rod (4/4) (quivered)
 z - a phial of floods


   Skills:
 + Level 12.9 Fighting
 + Level 12.7 Long Blades
 + Level 13.0 Armour
 + Level 11.5 Dodging
 + Level 12.9 Shields
 + Level 8.8 Invocations
 + Level 9.2 Evocations


You had 13 spell levels left.
You didn't know any spells.
Your spell library contained the following spells:

 Spells                   Type           Power      Damage    Failure   Level
 Animate Skeleton         Necr           0%         N/A       99%         1
 Apportation              Tloc           0%         N/A       99%         1
 Slow                     Hex            0%         N/A       99%         1
 Summon Small Mammal      Summ           0%         N/A       99%         1
 Blink                    Tloc           0%         N/A       100%        2
 Corpse Rot               Necr/Air       0%         N/A       100%        2
 Ensorcelled Hibernation  Hex/Ice        0%         N/A       100%        2
 Confusing Touch          Hex            0%         N/A       100%        3
 Dazzling Flash           Conj/Hex       0%         N/A       100%        3
 Lesser Beckoning         Tloc           0%         N/A       100%        3
 Spider Form              Tmut/Pois      0%         N/A       100%        3
 Vampiric Draining        Necr           0%         2d6       100%        3
 Dispel Undead            Necr           0%         3d6       100%        4
 Hailstorm                Conj/Ice       0%         3d3       100%        4
 Ice Form                 Ice/Tmut       0%         N/A       100%        4
 Iskenderun's Mystic Bla  Conj/Tloc      0%         2d3       100%        4
 Petrify                  Tmut/Erth      0%         N/A       100%        4
 Summon Ice Beast         Ice/Summ       0%         N/A       100%        4
 Freezing Cloud           Conj/Ice/Air   0%         6-21      100%        5
 Manifold Assault         Tloc           0%         N/A       100%        5
 Metabolic Englaciation   Hex/Ice        0%         N/A       100%        5
 Summon Mana Viper        Hex/Summ       0%         N/A       100%        5
 Simulacrum               Ice/Necr       0%         N/A       100%        6
 Starburst                Conj/Fire      0%         6d3       100%        6
 Statue Form              Tmut/Erth      0%         N/A       100%        6
 Monstrous Menagerie      Summ           0%         N/A       100%        7
 Polar Vortex             Ice            0%         N/A       100%        9
 Death Channel            Necr           Unusable   N/A       N/A         6

Dungeon Overview and Level Annotations

Branches:
Dungeon (11/15)            Temple (1/1) D:4            Lair (6/6) D:11
  Swamp (0/4) Lair:2       Spider (0/4) Lair:4        Slime (0/5) Lair:5
    Orc (2/2) D:11            Elf (0/3) Orc:2

Altars:
Ashenzari
Cheibriados
Dithmenos
Elyvilon
Fedhas
Gozag
Hepliaklqana
Kikubaaqudgha
Makhleb
Nemelex Xobeh
Okawaru
Qazlal
Ru
Sif Muna
Trog
Uskayaw
Vehumet
Wu Jian
Xom
Yredelemnul
Zin
The Shining One
Beogh
Jiyva

Shops:
D:5 (   D:7 (

Portals:
Abyss: D:3
Trove: D:11 (give 17 scrolls of teleportation)

Annotations:
Lair:2 exclusion: oklob plant


Innate Abilities, Weirdness & Mutations

You have a pair of horns on your head.
You reflexively headbutt those who attack you in melee.


Message History

The ynoxinul hits your orc sorcerer zombie!
The orc priest looks satisfied for a moment.
The orc priest casts a cantrip, but nothing happens.
Donald barely misses the sun demon.
The orc sorcerer is engulfed in calcifying dust.
The orc priest hits your bound catoblepas but does no damage.
The orc priest is engulfed in calcifying dust.
Your bound catoblepas gores the orc sorcerer!!
The orc sorcerer dies!
The ynoxinul disappears in a puff of smoke!
The sun demon disappears in a puff of smoke!
A black mist starts to gather...
You slash the orc wizard! You freeze the orc wizard.
You kill the orc wizard!
The orc priest calls upon Beogh to heal the orc warrior.
The orc warrior's wounds heal themselves!
An orc wizard comes into view. It is wielding a +0 dagger.
Unknown command.
You swap places.
The orc priest closely misses you.
The orc priest is engulfed in calcifying dust. x2
The orc priest is moving more slowly.
The orc priest calls down the wrath of Beogh upon you.
Pain shoots through your body!
* * * LOW HITPOINT WARNING * * *
Your orc sorcerer zombie hits the orc wizard.
The orc priest calls down the wrath of Beogh upon you.
The orc wizard writhes in agony.
Things that are here:
a +0 dagger; a +0 robe You slash the orc priest!
You freeze the orc priest.
You kill the orc priest!
A black mist starts to gather...
The orc priest is engulfed in calcifying dust.
The orc wizard is engulfed in calcifying dust.
Unknown command.
You swap places.
The orc priest invokes the aid of Beogh against you.
Beogh smites you!
You die...
Your body rises from the dead as a mindless zombie.

######................
. ....##..............#
.......##......>......#
##.§o.o.#..)..........#
#...oooo#..............
#ooooo#..............
#.ooZ#))...........#
#oZ#Z)...........
#ZZ@Z...........
#.ZZZ..........
#.Z)Z......#.#
#..#.........
....#..#......
#.....#..##....#
......#..# ....
......#..# ... ....
#..# ..


You could see an orc warrior (petrified), 5 orc priests, 7 orc wizards, an orc
(petrified), a friendly bound catoblepas, 2 friendly orc warrior zombies, 2
friendly orc priest zombies, 3 friendly orc wizard zombies, 2 friendly orc
sorcerer zombies and the friendly Donald the human zombie.

Vanquished Creatures
  Gastronok (D:10)
  Kirke (Lair:4)
  Donald (Orc:2)
  Josephine (D:10)
  A hydra (Lair:1)
  Fannar (Lair:2)
  A boulder beetle (D:11)
  An ice dragon (Lair:4)
  A catoblepas (Lair:3)
  4 two-headed ogres
  4 death yaks (Lair:6)
  Pikel (D:4)
  2 orc knights (Orc:1)
  3 orc sorcerers (Orc:2)
  An elephant (Lair:6)
  A black mamba (Lair:6)
  A torpor snail (Lair:3)
  Joseph (D:8)
  4 cane toads
  A rime drake (Lair:4)
  2 komodo dragons
  An ice devil (Lair:4)
  2 trolls
  8 polar bears
  Grinder (D:6)
  A dream sheep (Lair:6)
  4 blink frogs
  3 small abominations (D:3)
  Sigmund (D:2)
  A shadow (D:9)
  5 wyverns
  2 wraiths (D:10)
  2 basilisks
  3 hogs (Lair:4)
  42 yaks
  6 vampire mosquitoes (D:11)
  2 steam dragons
  An acid dragon (D:11)
  Duvessa (D:5)
  10 water moccasins
  A sky beast (D:8)
  21 orc warriors
  An ice beast (D:5)
  2 black bears (D:5)
  An ogre (Orc:1)
  31 wolves
  2 centaurs
  The ghost of rougesareth the Magician, an amateur OpWz (D:3)
  2 phantoms
  3 kobold brigands
  9 bullfrogs
  5 scorpions
  Dowan (D:5)
  3 wights (D:7)
  A water moccasin skeleton (D:4)
  2 killer bees (D:9)
  A howler monkey (D:8)
  A lava snake (D:9)
  4 centaur zombies
  13 orc priests
  A hound (D:7)
  Crazy Yiuf (D:3)
  2 bullfrog skeletons (D:5)
  Ijyb (D:3)
  Jessica (D:2)
  A gnoll shaman (D:10)
  2 iguanas
  21 orc wizards
  2 howler monkey zombies
  Robin (D:3)
  8 gnolls
  7 adders
  4 white imps
  An ufetubus (D:7)
  3 worms (D:2)
  59 orcs
  5 bats
  4 endoplasms
  4 giant cockroaches
  15 hobgoblins
  A jackal (D:2)
  2 quokkas (D:2)
  5 ball pythons
  7 frilled lizards
  10 goblins
  12 kobolds
  4 rats
419 creatures vanquished.

Vanquished Creatures (collateral kills)
  A catoblepas (Lair:5)
  A hydra (Lair:4)
  A two-headed ogre (D:11)
  A deep troll shaman (Lair:6)
  8 death yaks
  Urug (Lair:2)
  An orc high priest (Orc:2)
  A lindwurm (Lair:6)
  2 orc sorcerers (Orc:2)
  An orb spider (Lair:4)
  2 black mambas (Lair:6)
  An elephant (Lair:6)
  4 cane toads
  An ice statue (Lair:4)
  2 rime drakes (Lair:4)
  3 komodo dragons
  An anaconda simulacrum (Lair:4)
  5 polar bears
  8 blink frogs
  13 dream sheep (Lair:6)
  2 wraiths (D:10)
  A water elemental (D:11)
  A wyvern (Lair:3)
  20 yaks
  2 steam dragons (D:8)
  A basilisk (Lair:6)
  2 hogs (Lair:4)
  5 water moccasins
  3 orc warriors
  29 wolves
  3 bullfrogs
  A killer bee (D:9)
  A howler monkey (D:11)
  A centaur zombie (D:9)
  8 orc priests
  A polar bear simulacrum (Lair:4)
  10 orc wizards
  A gnoll (D:10)
  A white imp (Lair:4)
  15 orcs
  A kobold (D:9)
  A bush (Lair:6)
  A fungus (Lair:4)
169 creatures vanquished.

Vanquished Creatures (others)
  A spectral hydra (Lair:6)
  A death yak zombie (Lair:6)
  A hydra zombie (Lair:1)
  An ice dragon zombie (Lair:4)
  A spectral komodo dragon (Lair:4)
  A cane toad zombie (Lair:1)
  A dream sheep zombie (Lair:6)
  A vampire mosquito zombie (D:11)
  A rime drake zombie (Lair:4)
  2 komodo dragon zombies
  2 wyvern zombies
  5 water moccasin zombies
  4 yak zombies
  4 polar bear zombies
  15 wolf zombies
  4 bullfrog zombies
  A steam dragon zombie (D:8)
  A spectral white imp (Lair:4)
  2 gnoll zombies
  2 kobold zombies (D:9)
  23 orc zombies
  78 fungi
  69 plants
221 creatures vanquished.

Grand Total: 809 creatures vanquished

Notes
Turn   | Place    | Note
-------+----------+-------------------------------------------
     0 | D:1      | siradein the Minotaur Fighter began the quest for the Orb.
     0 | D:1      | Reached XP level 1. HP: 19/19 MP: 0/0
   105 | D:1      | Found a faded altar of an unknown god.
   339 | D:1      | Reached XP level 2. HP: 26/27 MP: 1/1
   793 | D:2      | Noticed Jessica
   800 | D:2      | Killed Jessica
   801 | D:2      | Reached skill level 4 in Armour
   801 | D:2      | Reached skill level 1 in Dodging
   801 | D:2      | Reached XP level 3. HP: 33/33 MP: 2/2
   958 | D:2      | Noticed Sigmund
   970 | D:2      | Killed Sigmund
   971 | D:2      | Reached XP level 4. HP: 27/41 MP: 3/3
   971 | D:2      | Reached XP level 5. HP: 31/47 MP: 4/4
  1899 | D:3      | Noticed Robin
  2001 | D:3      | Reached XP level 6. HP: 55/55 MP: 5/5
  2013 | D:3      | Killed Robin
  2190 | D:3      | Noticed Ijyb
  2191 | D:3      | Paralysed by Ijyb for 3 turns
  2199 | D:3      | Killed Ijyb
  2200 | D:3      | Reached skill level 5 in Fighting
  2200 | D:3      | Reached skill level 5 in Armour
  2200 | D:3      | Reached skill level 5 in Shields
  2453 | D:3      | Noticed a small abomination
  2455 | D:3      | Found a transporter.
  2466 | D:3      | Found a transporter.
  2470 | D:3      | Noticed rougesareth's ghost (amateur OpWz)
  2483 | D:3      | Found a one-way gate to the infinite horrors of the Abyss.
  2484 | D:3      | Noticed a small abomination
  2935 | D:3      | Found a broken altar of Ashenzari.
  2943 | D:3      | Found a snail-covered altar of Cheibriados.
  2998 | D:3      | Found a runed translucent door.
  2999 | D:3      | Noticed Crazy Yiuf
  3293 | D:4      | Reached XP level 7. HP: 55/61 MP: 6/6
  3529 | D:4      | Found a staircase to the Ecumenical Temple.
  3536 | Temple   | Entered the Ecumenical Temple
  3795 | D:5      | Entered Level 5 of the Dungeon
  3935 | D:5      | Reached skill level 1 in Evocations
  4216 | D:5      | Reached skill level 5 in Long Blades
  4411 | D:5      | Noticed Duvessa
  4439 | D:5      | Killed Duvessa
  4463 | D:5      | Noticed Dowan
  4478 | D:5      | Killed Dowan
  4479 | D:5      | Reached skill level 6 in Armour
  4684 | D:5      | Reached XP level 8. HP: 70/70 MP: 7/7
  4859 | D:5      | Noticed Pikel
  4931 | D:4      | Killed Pikel
  5292 | D:5      | Found Gom Zoca's Antique Weapon Emporium.
  5339 | D:5      | Reached skill level 5 in Dodging
  5633 | D:6      | Reached skill level 7 in Armour
  5819 | D:6      | Reached XP level 9. HP: 74/78 MP: 6/8
  6155 | D:6      | Noticed Grinder
  6170 | D:6      | Killed Grinder
  6740 | D:7      | Found Qunal's Antique Weapon Shop.
  6785 | D:7      | Bought a runed scimitar for 203 gold pieces
  7570 | D:7      | Found a radiant altar of Vehumet.
  7575 | D:7      | Found a basalt altar of Yredelemnul.
  7579 | D:7      | Became a worshipper of Yredelemnul the Dark
  7585 | D:7      | Found a hide-covered altar of Uskayaw.
  7590 | D:7      | Found an iron altar of Okawaru.
  7601 | D:7      | Found a shimmering blue altar of Sif Muna.
  7609 | D:7      | Found an ornate altar of the Wu Jian Council.
  7613 | D:7      | Found a stormy altar of Qazlal.
  7734 | D:8      | Noticed Joseph
  7754 | D:8      | Killed Joseph
  7755 | D:8      | Reached skill level 8 in Armour
  7865 | D:8      | Reached * piety under Yredelemnul
  7865 | D:8      | Reached skill level 1 in Invocations
  7943 | D:8      | Reached XP level 10. HP: 74/88 MP: 7/9
  9028 | D:9      | Noticed a two-headed ogre
  9029 | D:9      | Noticed a two-headed ogre
  9043 | D:9      | Killed a two-headed ogre
  9044 | D:9      | Reached skill level 5 in Evocations
  9074 | D:8      | Killed a two-headed ogre
  9075 | D:8      | Reached skill level 9 in Armour
  9433 | D:9      | Reached ** piety under Yredelemnul
  9730 | D:9      | Reached *** piety under Yredelemnul
 10071 | D:10     | Entered Level 10 of the Dungeon
 10085 | D:10     | Reached XP level 11. HP: 95/97 MP: 12/12
 10272 | D:10     | Reached **** piety under Yredelemnul
 10375 | D:10     | Noticed Josephine
 10377 | D:10     | Noticed a two-headed ogre
 10391 | D:10     | Killed Josephine
 10458 | D:9      | Killed a two-headed ogre
 10688 | D:10     | Noticed Gastronok
 10746 | D:10     | Killed Gastronok
 11291 | D:10     | Noticed a two-headed ogre
 11295 | D:10     | Killed a two-headed ogre
 11296 | D:10     | Reached skill level 10 in Armour
 11732 | D:11     | Noticed a boulder beetle
 11754 | D:11     | Found a portal to a secret trove of treasure.
 11755 | D:11     | Noticed a two-headed ogre
 11760 | D:11     | Killed a boulder beetle
 11761 | D:11     | Reached skill level 10 in Shields
 11761 | D:11     | Reached skill level 5 in Invocations
 11768 | D:11     | Killed a two-headed ogre
 11769 | D:11     | Reached skill level 10 in Fighting
 12103 | D:11     | Reached XP level 12. HP: 96/106 MP: 11/14
 12458 | D:11     | Found a staircase to the Lair.
 12564 | D:11     | Found a staircase to the Orcish Mines.
 12885 | Lair:1   | Entered Level 1 of the Lair of Beasts
 12885 | Lair:1   | Noticed an eight-headed hydra
 13074 | D:3      | Killed Crazy Yiuf
 13126 | D:3      | Killed rougesareth's ghost
 13127 | D:3      | Reached skill level 10 in Long Blades
 13129 | D:3      | Your ally Crazy Yiuf died
 13401 | Lair:1   | Killed an eight-headed hydra
 14059 | Lair:1   | Reached ***** piety under Yredelemnul
 14353 | Lair:1   | Reached ****** piety under Yredelemnul
 14505 | Lair:1   | Reached skill level 11 in Armour
 14964 | Lair:2   | Noticed Urug
 15122 | Lair:2   | Killed Urug
 15373 | Lair:2   | Found a staircase to the Swamp.
 15411 | Lair:2   | Noticed Fannar
 15421 | Lair:2   | Killed Fannar
 16213 | Lair:3   | Noticed a catoblepas
 16227 | Lair:3   | Killed a catoblepas
 16228 | Lair:3   | Reached XP level 13. HP: 108/116 MP: 16/16
 17134 | Lair:4   | Reached skill level 10 in Dodging
 17404 | Lair:4   | Noticed Kirke
 17418 | Lair:4   | Killed Kirke
 17589 | Lair:4   | Identified the +6 dagger "Kefameik" {vorpal, rPois Will-
                  | rCorr Dex-2}
 18257 | Lair:4   | Reached skill level 12 in Armour
 18600 | Lair:4   | Found a hole to the Spider Nest.
 18758 | Lair:4   | Identified a scroll of acquirement
 18759 | Lair:4   | Acquired a +0 demon blade of venom
 18803 | Lair:5   | Found a staircase to the Slime Pits.
 18805 | Lair:5   | Found a viscous altar of Jiyva.
 19644 | Lair:6   | Entered Level 6 of the Lair of Beasts
 19663 | Lair:6   | Reached XP level 14. HP: 81/126 MP: 11/18
 21421 | Orc:1    | Entered Level 1 of the Orcish Mines
 21840 | Orc:2    | Entered Level 2 of the Orcish Mines
 21871 | Orc:2    | Noticed Donald
 21890 | Orc:2    | Killed Donald
 22230 | Orc:2    | Found a staircase to the Elven Halls.
 22301 | Orc:2    | Reached skill level 13 in Armour
 22313 | Orc:2    | Killed from afar by an orc priest

Illustrated notes

Levels and vault maps discovered:
D:1:      lemuel_arrival_funnel, layout_basic, basic_ecumenical_altar
D:2:      kb_forest_paths, layout_basic, minmay_liquid_box, st_stairs_14,
          grunt_decor_resistance, uniq_jessica, uniq_sigmund
D:3:      layout_basic, mainiacjoe_overflow_big_doors,
          gammafunk_ghost_abyssal_escape, uniq_robin, uniq_ijyb,
          uniq_crazy_yiuf_cottage
D:4:      layout_cave_pools, minmay_temple_entry_slanted,
          mrwooster_statue_mirror, hangedman_feature_mirror,
          minmay_curled_crystal
D:5:      minmay_diamond_boxcup, layout_loops_corners, serial_shops, shop,
          minmay_misc_feat_pillars, uniq_pikel, uniq_duvessa
D:6:      layout_loops_ring, hangedman_decor_peaks_small, uniq_grinder
D:7:      layout_cave_pools, grunt_temple_overflow_octagram, serial_shops, shop
D:8:      layout_loops_ring, uniq_joseph
D:9:      kennysheep_ambush_hall, layout_stronghold,
          kennysheep_decorative_pillar
D:10:     layout_basic, uniq_gastronok, uniq_josephine
D:11:     layout_long_grid, lair_entry_dummy, erik_orc_2,
          nicolae_trove_entry_isolated
Temple:   nicolae_temple_figure_eight
Lair:1:   layout_regular_city, grunt_forest_large_clearings, grunt_megastairs_1
Lair:2:   layout_small_grid, swamp_mist_pool, st_stairs_12,
          minmay_lair_oklob_items, uniq_fannar, uniq_urug
Lair:3:   layout_roguey
Lair:4:   dreamdust_isle_of_ice, layout_hall_layers,
          nicolae_spider_entry_orb_guardian, grunt_forest_stairs_basic,
          grunt_megastairs_2, uniq_kirke
Lair:5:   layout_concentric_octagons, slime_altar_1
Lair:6:   grunt_lair_end_beastmaster, layout_regular_city, fungi_pond_lemuel,
          minivault_27
Orc:1:    layout_diamond_mine
Orc:2:    st_orc_mages, layout_caves, basic_altar, uniq_erolcha, uniq_donald

Skill      XL: |  1  2  3  4  5  6  7  8  9 10 11 12 13 14 |
---------------+-------------------------------------------+-----
Fighting       | 4 5 6 8 9 10 11 12 | 12.9
Long Blades    | 3 4 5 6 7 8 9 10 11 12 | 12.7
Armour         | 4 5 6 7 8 9 10 11 12 13 | 13.0
Dodging        | 1 2 3 4 5 6 7 8 9 10 11 | 11.5
Shields        | 4 5 6 8 9 10 11 12 | 12.9
Evocations     | 1 3 4 5 6 7 8 9 |  9.2
Invocations    | 1 3 5 6 7 8 |  8.8

Action                   |  1- 3 |  4- 6 |  7- 9 | 10-12 | 13-15 || total
-------------------------+-------+-------+-------+-------+-------++-------
Melee: Long sword        |    36 |   165 |   231 |       |       ||   432
       Headbutt          |     2 |    28 |    70 |   141 |   122 ||   363
       Scimitar          |       |       |    83 |   517 |       ||   600
       Double sword      |       |       |       |    60 |   177 ||   237
       Short sword       |       |       |       |    13 |       ||    13
       Demon blade       |       |       |       |       |   286 ||   286
       Dagger            |       |       |       |       |     5 ||     5
Throw: Dart              |       |       |    10 |    19 |       ||    29
Invok: Dark Bargain      |       |       |       |     4 |       ||     4
       Recall Undead Har |       |       |       |       |     6 ||     6
       Bind Soul         |       |       |       |       |     3 ||     3
  Use: Potion            |     1 |       |       |     2 |     1 ||     4
       Scroll            |       |     4 |     3 |     7 |     9 ||    23
 Stab: Distracted        |       |       |       |    10 |    10 ||    20
       Petrified         |       |       |       |       |    23 ||    23
       Petrifying        |       |       |       |       |     2 ||     2
Armor: Scale mail        |    21 |    47 |       |       |       ||    68
       Chain mail        |       |    31 |   130 |       |       ||   161
       Plate armour      |       |       |    27 |   288 |   222 ||   537
       Skin              |       |       |       |       |     2 ||     2
Dodge: Dodged            |    19 |    73 |   107 |   187 |   183 ||   569
Block: Buckler           |     9 |    32 |    70 |    11 |   100 ||   222
       Kite shield       |       |       |       |   325 |    97 ||   422

Table legend: (Time is in decaauts)
 A = Elapsed time spent in this place.
 B = Non-inter-level travel time spent in this place.
 C = Inter-level travel time spent in this place.
 D = Time resting spent in this place.
 E = Time spent auto-exploring this place.
 F = Levels seen in this place.
 G = Mean time per level.
                   A        B        C        D        E       F      G
               +--------+--------+--------+--------+--------+-----+--------+
         Total |  22352 |  21462 |    890 |    946 |  16557 |  20 | 1117.6 |
       Dungeon |  13320 |  12692 |    628 |    665 |   9587 |  11 | 1210.9 |
        Temple |    221 |    221 |      0 |      0 |    207 |   1 |  221.0 |
          Lair |   7962 |   7713 |    249 |    279 |   6185 |   6 | 1327.0 |
  Orcish Mines |    847 |    835 |     12 |      2 |    577 |   2 |  423.5 |
               +--------+--------+--------+--------+--------+-----+--------+

Top non-repeatable levels by time:
  Lair:4: 1715 daAuts
     D:9: 1647 daAuts
  Lair:1: 1639 daAuts
     D:5: 1606 daAuts
  Lair:6: 1604 daAuts
     D:3: 1547 daAuts
    D:11: 1477 daAuts
    D:10: 1290 daAuts
  Lair:2: 1082 daAuts
     D:7: 1078 daAuts
  Lair:3: 1066 daAuts
     D:2: 1055 daAuts
     D:6: 1041 daAuts
     D:8: 1038 daAuts
  Lair:5: 855 daAuts
